 Dungeon Crawl Stone Soup version 0.32-a0-17-gb74e046682 (webtiles) character file.

Game seed: 6635872583542061238

49 NotreDorf the Grave Robber (level 3, -1/26 HPs)
             Began as a Mummy Necromancer on Jan 15, 2024.
             Slain by an adder (2 damage)
             ... on level 2 of the Dungeon.
             The game lasted 00:06:20 (1342 turns).

NotreDorf the Grave Robber (Mummy Necromancer)      Turns: 1342, Time: 00:06:20

Health: -1/26      AC:  2    Str: 13    XL:     3   Next: 53%
Magic:  0/7        EV: 12    Int: 14    God:
Gold:   93         SH:  0    Dex: 12    Spells: 4/8 levels left

rFire   . . .        b - +0 mace
rCold   + . .        (no shield)
rNeg    + + +        a - +0 robe
rPois   ∞            (no helmet)
rElec   .            (no cloak)
rCorr   .            (no gloves)
SInv    .            (no boots)
Will    .....        (no amulet)
Stlth   ++           c - ring of protection from fire
HPRegen 0.24/turn    (no ring)
MPRegen 0.10/turn

%: faith
@: no status effects
A: cold resistance 1, negative energy resistance 3, torment resistance 2, heat
vulnerability 1, in touch with death 1, no potions, faith
a: no special abilities


You were on level 2 of the Dungeon.
You visited 1 branch of the dungeon, and saw 2 of its levels.

You collected 93 gold pieces.

Inventory:

Hand Weapons
 b - a +0 mace (weapon)
Armour
 a - a +0 robe (worn)
Jewellery
 c - a ring of protection from fire (left hand)
Scrolls
 d - a scroll of immolation {unknown}
 e - a scroll of identify {unknown}
 f - a scroll of revelation {unknown}
 g - a scroll of enchant weapon {unknown}
 h - a scroll of noise {unknown}


   Skills:
 + Level 1.3 Fighting
 + Level 2.1 Dodging
 - Level 1.5 Stealth
 + Level 3.4 Spellcasting
 + Level 4.3 Necromancy


You had 4 spell levels left.
You knew the following spells:

 Your Spells              Type           Power      Damage    Failure   Level
a - Necrotise             Necr           88%        1d8       3%          1
b - Vampiric Draining     Necr           22%        2d7       11%         3

Your spell library contained the following spells:

 Spells                   Type           Power      Damage    Failure   Level
 Animate Dead             Necr           22%        N/A       34%         4
 Call Canine Familiar     Summ           2%         N/A       52%         3
 Sigil of Binding         Hex            2%         N/A       52%         3
 Dimensional Bullseye     Hex/Tloc       1%         N/A       90%         4
 Curse of Agony           Necr           22%        N/A       67%         5


Dungeon Overview and Level Annotations

Branches:
Dungeon (2/15)

Altars:

Shops:
D:1 =


Innate Abilities, Weirdness & Mutations

You are immune to poison.
Your flesh is cold resistant. (rC+)
You are immune to negative energy. (rN+++)
You are immune to unholy pain and torment.
You are vulnerable to heat. (rF-)
You are in touch with the powers of death.
You do not drink.
You have a special connection with the divine. (Faith)


Message History

You hit the ribbon worm.
The ribbon worm is heavily wounded.
The ribbon worm expels a string of sticky webbing.
The stream of webbing hits you but does no damage.
You are caught in a web!
You struggle to detach yourself from the web.
The ribbon worm barely misses you.
The web tears apart.
The ribbon worm closely misses you.
Casting: Necrotise (safe; 3% risk of failure)
Confirm with . or Enter, or press ? or * to list all spells.
Aiming: Necrotise (safe; 3% risk of failure)
Press: ? - help, Shift-Dir - straight line, f/p - adder
Aim: an adder (moderately wounded, chance to affect: 85%)
You feel a surge of power!
The ribbon worm writhes in agony.
The ribbon worm barely misses you.
You barely miss the ribbon worm.
The ribbon worm is heavily wounded.
The ribbon worm bites you!
* * * LOW HITPOINT WARNING * * *
You barely miss the ribbon worm.
The ribbon worm is moderately wounded.
The ribbon worm bites you but does no damage.
You hit the ribbon worm.
The ribbon worm is severely wounded.
The ribbon worm bites you.
* * * LOW HITPOINT WARNING * * *
You sock the ribbon worm!
You kill the ribbon worm!
The adder bites you.
* * * LOW HITPOINT WARNING * * *
You barely miss the adder.
The adder is moderately wounded.
The adder bites you.
* * * LOW HITPOINT WARNING * * *
The adder bites you.
* * * LOW HITPOINT WARNING * * *
You hit the adder.
The adder is heavily wounded.
The adder bites you.
You die...

# ..#####
####.#.......
.......###
#.......####
.......###.##..###
. ..........#†.#
..###.#.###..#..#
................#
.........?......#
.........###.#####.
........gS@...$....
#........###.######
#........# #.#
.........# #.#
#......... ..#
..<...#### ###
######


You could see an adder and a goblin.

Vanquished Creatures
  A dart slug (D:2)
  A ribbon worm (D:2)
  2 ball pythons
  5 bats
  5 endoplasms
  A giant cockroach (D:1)
  5 hobgoblins (D:1)
  6 jackals
  4 kobolds
  2 frilled lizards
  2 goblins (D:1)
  3 rats
37 creatures vanquished.

Vanquished Creatures (collateral kills)
  A dart slug (D:2)
  A goblin (D:1)
  2 frilled lizards
4 creatures vanquished.

Grand Total: 41 creatures vanquished

Notes
Turn   | Place    | Note
-------+----------+-------------------------------------------
     0 | D:1      | NotreDorf the Mummy Necromancer began the quest for the
                  | Orb.
     0 | D:1      | Reached XP level 1. HP: 13/13 MP: 4/4
    86 | D:1      | Found Neica's Jewellery Shop.
    92 | D:1      | Found a faded altar of an unknown god.
   294 | D:1      | Reached XP level 2. HP: 20/20 MP: 3/5
   605 | D:1      | Reached skill level 1 in Fighting
   789 | D:1      | Reached XP level 3. HP: 26/26 MP: 4/7
  1028 | D:1      | Learned a level 3 spell: Vampiric Draining
  1341 | D:2      | HP: 1/26 [adder (2)]
  1342 | D:2      | Slain by an adder

Illustrated notes

Levels and vault maps discovered:
D:1:      dpeg_arrival_arbitrary_a, layout_basic,
          hellmonk_ecumenical_altar_slurped_away, serial_shops,
          nicolae_shop_tiny_waterfront, minmay_misc_feat_enclosed
D:2:      layout_loops_ring

Skill      XL: |  1  2 |
---------------+-------+-----
Spellcasting   | 3 |  3.4
Fighting       | 1 |  1.3
Dodging        | 2 |  2.1
Stealth        | |  1.5
Necromancy     | |  4.3

Action                     || total
---------------------------++-------
  Melee: Mace              ||    19
   Cast: Necrotise         ||    58
 Armour: Robe              ||    22
  Dodge: Dodged            ||    24

Table legend: (Time is in decaauts)
 A = Elapsed time spent in this place.
 B = Non-inter-level travel time spent in this place.
 C = Inter-level travel time spent in this place.
 D = Time resting spent in this place.
 E = Time spent auto-exploring this place.
 F = Levels seen in this place.
 G = Mean time per level.
                   A        B        C        D        E       F      G
               +--------+--------+--------+--------+--------+-----+--------+
         Total |   1347 |   1297 |     50 |      0 |    975 |   2 |  673.5 |
       Dungeon |   1347 |   1297 |     50 |      0 |    975 |   2 |  673.5 |
               +--------+--------+--------+--------+--------+-----+--------+

Top non-repeatable levels by time:
     D:1: 1079 daAuts
     D:2: 268 daAuts
